Map: Winter's Gate LE

Players

SecondGear - Winner!

  • Race: Terran Terran
  • League: Silver
  • Spawn Location: 11:00

Djorn

  • Race: Protoss Protoss
  • League: Silver
  • Spawn Location: 5:00

VOD

Have the link to the VOD?

Description

Time

  • Played on: Aug. 27, 2019, 11:55 p.m.
  • Length: 11:11
Show
View Real Time Build Order
Export as new Build Order

SecondGear Terran - Winner!

Build Orders:  

Get SALT Encoding   

  12  0:01  SCV  
  13  0:16  Supply Depot  
  13  0:17  SCV  
  14  0:29  SCV  
  14  0:31  Refinery  
  15  0:41  Barracks  
  15  0:45  SCV  
  16  0:57  SCV  
  17  1:09  SCV  
  18  1:21  SCV  
  19  1:33  Marine  
  19  1:34  Command Center  
  19  1:36  SCV  
  21  1:48  Factory  
  21  1:54  Refinery  
  21  1:57  SCV  
  22  2:02  Marine  
  23  2:12  Supply Depot  
  23  2:18  Orbital Command  
  23  2:33  Marine  
  24  2:48  Factory Tech Lab  
  24  2:52  Starport  
  24  2:55  Engineering Bay  
  24  2:56  Supply Depot  
  24  3:04  Orbital Command  
  24  3:05  Marine  
  24  3:10  SCV  
  26  3:21  Siege Tank  
  26  3:24  SCV  
  30  3:28  Terran Infantry Weapons Level 1  
  30  3:30  SCV  
  31  3:39  SCV  
  34  3:46  Starport Tech Lab  
  32  3:53  Barracks  
  32  3:56  Barracks  
  33  4:24  Barracks Reactor  
  33  4:31  SCV x2  
  34  4:39  Supply Depot  
  34  4:51  Stimpack  
  34  4:52  Combat Shield  
  34  4:54  Starport Reactor  
  34  4:55  Factory Tech Lab  
  34  4:57  Marine  
  35  5:00  SCV  
  35  5:01  SCV  
  37  5:11  Refinery  
  37  5:12  Refinery  
  37  5:13  Marine x2  
  37  5:14  Command Center  
  39  5:18  Marine x2  
  41  5:36  Marine x4  
  41  5:39  Siege Tank  
  41  5:40  Medivac x2  
  52  5:47  Armory  
  52  5:54  SCV x2  
  54  6:01  Terran Infantry Armor Level 1  
  54  6:10  Marine x2  
  54  6:11  Marine x2  
  56  6:13  Medivac  
  60  6:22  Supply Depot  
  60  6:25  Supply Depot, Siege Tank  
  63  6:26  Supply Depot  
  63  6:27  Supply Depot  
  57  6:59  Marine x3  
  57  7:00  Marine  
  61  7:01  Siege Tank  
  61  7:02  Medivac x2  
  68  7:17  Marine x4  
  72  7:35  Marine x4  
  75  7:48  Barracks  
  75  7:50  Barracks  
  69  7:53  Marine x4  
  73  8:10  Marine x2  
  73  8:11  Marine x2  
  77  8:20  Siege Tank  
  77  8:21  Medivac x2  
  84  8:28  Marine x2  
  86  8:34  Marine  
  86  8:35  Marine  
  88  8:46  Marine x2  
  90  8:52  Marine  
  90  8:53  Marine  
  87  9:04  Marine x2  
  85  9:10  Marine  
  85  9:11  Marine  
  83  9:17  Medivac  
  83  9:22  Marine x2  
  84  9:28  Marine x2  
  85  9:33  Siege Tank  
  85  9:40  Marine x2  
  87  9:46  Marauder, Marine  
  90  9:54  Barracks Reactor x2  
  90  9:58  Marine  
  91  10:18  SCV x2  
  93  10:30  SCV x2  
  95  10:42  SCV x2  
  97  10:54  SCV x2  
Show
View Real Time Build Order
Export as new Build Order

Djorn Protoss 

Build Orders:  

Get SALT Encoding   

  12  0:02  Probe  
  13  0:20  Pylon, Probe  
  14  0:33  Probe  
  15  0:51  Gateway  
  15  0:52  Probe  
  16  1:00  Probe  
  16  1:04  Assimilator  
  16  1:08  Probe  
  18  1:18  Probe  
  19  1:30  Probe  
  20  1:39  Cybernetics Core  
  20  1:42  Probe  
  20  1:45  Pylon  
  21  1:55  Probe  
  22  2:27  Assimilator  
  21  2:47  Adept  
  21  2:48  Stargate  
  21  2:57  Nexus  
  23  3:03  Pylon  
  23  3:09  Pylon  
  23  3:14  Warp Gate  
  23  3:16  Adept  
  25  3:26  Probe  
  26  3:38  Probe  
  26  3:39  Pylon  
  27  3:46  Stalker  
  29  3:50  Probe  
  30  4:03  Probe  
  30  4:07  Probe  
  31  4:15  Probe x2  
  34  4:24  Gateway  
  34  4:25  Probe  
  34  4:28  Gateway  
  35  4:37  Probe  
  35  4:38  Fleet Beacon  
  36  4:48  Forge  
  36  4:49  Probe  
  37  4:53  Pylon  
  37  4:56  Pylon  
  37  5:01  Probe  
  37  5:05  Pylon  
  38  5:12  Adept  
  38  5:13  Probe  
  41  5:25  Probe, Adept  
  41  5:26  Adept  
  46  5:35  Stargate  
  46  5:36  Stargate  
  46  5:37  Probe  
  47  5:52  Assimilator  
  47  5:54  Assimilator  
  47  5:58  Probe  
  47  6:01  Zealot x3  
  47  6:03  Assimilator  
  54  6:10  Probe  
  55  6:12  Twilight Council  
  55  6:22  Probe  
  55  6:23  Pylon  
  56  6:26  Pylon  
  56  6:32  Probe  
  57  6:34  Probe  
  58  6:42  Zealot x3  
  58  6:44  Probe, Void Ray x2  
  58  6:47  Probe  
  60  6:48  Void Ray  
  60  6:50  Nexus  
  54  6:57  Probe  
  60  7:05  Zealot x2  
  56  7:37  Adept  
  40  8:00  Zealot  
  40  8:05  Tempest x3  
  42  8:09  Photon Cannon  
  40  8:13  Photon Cannon  
  40  8:15  Photon Cannon  
  54  8:28  Adept  
  56  8:40  Photon Cannon  
  38  9:21  Tempest  
  38  9:31  Tempest  
  48  9:50  Phoenix  
  50  10:07  Nexus  
  50  10:15  Phoenix  
  47  10:42  Pylon  
  40  10:43  Pylon  
  45  11:04  Shield Battery  
Tags
 
Matchup
PvT
Replay Pack
sc2replays
Spawn Locations
Cross Positions
Add a new tag
Caveats
  • Supply blocks, unpowered buildings, or Contaminate may cause inaccurate times.
  • Supply counts are checked every 10 seconds.